 Dungeon Crawl Stone Soup version 0.31-a0-841-g038b102fc3 (webtiles) character file.

Game seed: 736081220602697546

7096 Kurtz the Cleaver (level 11, -1/72 HPs)
             Began as an Octopode Fighter on Sept 27, 2023.
             Was a High Priest of Okawaru.
             Slain by a centaur warrior simulacrum (22 damage)
             ... on level 10 of the Dungeon.
             The game lasted 00:16:02 (9623 turns).

Kurtz the Cleaver (Octopode Fighter)                Turns: 9623, Time: 00:16:03

Health: -1/72      AC:  1    Str: 20    XL:     11   Next: 9%
Magic:  12/13      EV: 17    Int: 11    God:    Okawaru [*****.]
Gold:   353        SH: 15    Dex: 14    Spells: 10/10 levels left

rFire   + . .        a - +0 war axe
rCold   . . .        v - +2 buckler
rNeg    . . .        (helmet restricted)
rPois   .            p - amulet of reflection
rElec   .            o - ring of protection from fire
rCorr   +            b - ring of resist corrosion
SInv    +            I - ring of the Secret Blessings {Str+3 Slay+4 SInv Stlth+}
Will    .....        (no ring)
Stlth   +++++        (no ring)
HPRegen 0.32/turn    (no ring)
MPRegen 0.13/turn    (no ring)
                     (no ring)

%: reflection
@: heroic
A: almost no armour, amphibious, 8 rings, camouflage 1, gelatinous body 1,
(nimble swimmer 1), tentacles
a: Renounce Religion, Heroism, Finesse, Duel


You were on level 10 of the Dungeon.
You worshipped Okawaru.
Okawaru was extremely pleased with you.
You visited 1 branch of the dungeon, and saw 10 of its levels.

You collected 353 gold pieces.

Inventory:

Hand Weapons
 a - a +0 war axe (weapon)
 x - a +0 whip of electrocution
 D - a +1 whip of flaming
 L - a +0 short sword
Missiles
 q - 35 poisoned darts (quivered)
Armour
 v - a +2 buckler (worn)
Jewellery
 b - a ring of resist corrosion (right tentacle)
 o - a ring of protection from fire (left tentacle)
 p - an amulet of reflection (around mantle)
 I - the ring of the Secret Blessings (on tentacle) {Str+3 Slay+4 SInv Stlth+}
   (You took it off an orc on level 7 of the Dungeon)

   [ring of slaying]

   Str+3:     It affects your strength (+3).
   Slay+4:    It affects your accuracy & damage with ranged weapons and melee
   (+4).
   SInv:      It lets you see invisible.
   Stlth+:    It makes you more stealthy.
 J - an amulet of the acrobat
 K - an amulet of regeneration
Wands
 y - a wand of roots (11)
 G - a wand of flame (27)
 H - a wand of digging (5)
 M - a wand of mindburst (1)
Scrolls
 d - 2 scrolls of noise {unknown}
 e - a scroll of brand weapon {unknown}
 i - 2 scrolls of amnesia {unknown}
 j - 3 scrolls of identify {unknown}
 k - 2 scrolls of enchant armour {unknown}
 n - 3 scrolls of fog {unknown}
 u - a scroll of torment {unknown}
 z - a scroll of revelation {unknown}
 B - 4 scrolls of teleportation {unknown}
 C - a scroll of summoning {unknown}
 E - 3 scrolls of enchant weapon {unknown}
Potions
 c - a potion of might
 f - 2 potions of heal wounds
 g - 2 potions of invisibility {unknown}
 h - 6 potions of berserk rage {unknown}
 l - 2 potions of degeneration {unknown}
 m - 3 potions of lignification {unknown}
 r - a potion of cancellation {unknown}
 s - a potion of attraction {unknown}
 t - 3 potions of mutation {unknown}
 w - 4 potions of curing {unknown}
 A - 3 potions of magic {unknown}
 F - a potion of brilliance {unknown}


   Skills:
 * Level 6.1(11.1) Fighting
 * Level 12.2(17.2) Axes
 + Level 4.8(9.8) Dodging
 + Level 0.6(5.6) Stealth
 * Level 9.6(14.6) Shields
 - Level 2.7 Invocations


You had 10 spell levels left.
You didn't know any spells.
Your spell library contained the following spells:

 Spells                   Type           Power      Damage    Failure   Level
 Shock                    Conj/Air       0%         1d3       36%         1
 Blink                    Tloc           0%         N/A       52%         2
 Lesser Beckoning         Tloc           0%         N/A       52%         2
 Momentum Strike          Conj/Tloc      0%         3d8       52%         2
 Ignite Poison            Fire/Tmut/Pois 0%         N/A       75%         3
 Swiftness                Air            0%         N/A       75%         3
 Airstrike                Air            0%         2d(0-16)  98%         4
 Sticky Flame             Conj/Fire      0%         2d3       98%         4
 Ignition                 Fire           0%         3d3       100%        8


Dungeon Overview and Level Annotations

Branches:
Dungeon (10/15)            Temple (0/1) D:6            Lair (0/5) D:8
    Orc: D:9-12

Altars:
Ashenzari
Cheibriados
Elyvilon
Gozag
Hepliaklqana
Okawaru
Qazlal
Ru
Uskayaw
Wu Jian
Yredelemnul

Annotations:
D:3 3 runed translucent doors, bchevrier's ghost, weakling GnWn
D:5 exclusions: door and downstairs
D:9 Maggie
D:10 Sonja


Innate Abilities, Weirdness & Mutations

You cannot wear most types of armour.
You are amphibious.
You can wear up to eight rings at the same time.
Your skin changes colour to match your surroundings (Stealth+).
Your rubbery body absorbs attacks. (AC +1, EV +1)
((You are camouflaged when in or above water. (Stealth+)))
You have tentacles for arms and can constrict up to eight enemies at once.


Message History

You kill the wolf!
Okawaru accepts your kill.
You hear a shout!
Sonja, the Graceful Assassin comes into view.
She is wielding a +0 dagger of distortion and quivering curare-tipped darts.
You miss Sonja. Your grab misses Sonja. You block Sonja's attack. x3
Unknown command.
You barely miss Sonja. Your grab misses Sonja.
Sonja mumbles some strange words.
Sonja blinks!
Unknown command.
You hit the centaur warrior simulacrum.
You squeeze the centaur warrior simulacrum!
The centaur warrior simulacrum is severely damaged.
You block the centaur warrior simulacrum's attack.
The centaur warrior simulacrum kicks you.
The centaur warrior simulacrum freezes you!!
Unknown command.
You hit the centaur warrior simulacrum.
The centaur warrior simulacrum is almost destroyed.
A centaur warrior simulacrum comes into view.
The centaur warrior simulacrum completely misses you.
The centaur warrior simulacrum kicks you.
The centaur warrior simulacrum freezes you!
* * * LOW HITPOINT WARNING * * *
Okay, then.
You feel much better.
You block the centaur warrior simulacrum's attack. x2
You hit the centaur warrior simulacrum.
The centaur warrior simulacrum vaporises!
Okawaru accepts your kill.
Unknown command.
You hit the centaur warrior simulacrum.
You squeeze the centaur warrior simulacrum!
The centaur warrior simulacrum is moderately damaged.
The centaur warrior simulacrum hits you.
The centaur warrior simulacrum freezes you!
The centaur warrior simulacrum kicks you.
* * * LOW HITPOINT WARNING * * *
The centaur warrior simulacrum freezes you!!
You die...

#...##...#####+#####..##
##+###...###....# #+##
#...........
#...........
+...........
####+###'#######+#
#......#..##
#......#...#
#......#@..#
#......Z...#
#.....K#+###
######....YZ.. #.~~~~...
~~...~~~~ #Y.....5~
#.......$ #........


You could see Sonja and a centaur warrior simulacrum.

Vanquished Creatures
  A two-headed ogre (D:9)
  Pikel (D:6)
  Maurice (D:8)
  Psyche (D:9)
  Jeremiah (D:8)
  10 yaks
  A centaur simulacrum (D:10)
  A wyvern (D:9)
  Grum (D:8)
  An acid dragon (D:10)
  An orc warrior (D:8)
  An ice beast (D:10)
  A sky beast (D:7)
  3 black bears
  5 wolves
  7 centaurs
  2 lemures (D:6)
  3 kobold brigands
  2 gnoll sergeants (D:6)
  4 bullfrogs
  2 scorpions
  3 killer bees (D:9)
  3 howler monkeys
  2 orc priests
  A jelly (D:6)
  2 hounds
  A sleepcap (D:6)
  A gnoll bouda (D:8)
  Jessica (D:3)
  4 iguanas
  Natasha (thrice) (D:3)
  3 orc wizards
  8 adders
  14 gnolls
  A shadow imp (D:6)
  2 white imps
  An ufetubus (D:10)
  A worm (D:7)
  2 dart slugs
  21 orcs
  5 endoplasms
  4 giant cockroaches
  4 goblins
  7 hobgoblins
  2 quokkas
  4 ball pythons
  3 bats
  6 frilled lizards
  15 kobolds
  5 rats
  A spectral hobgoblin (D:3)
180 creatures vanquished.

Vanquished Creatures (others)
  A kobold (D:9)
1 creature vanquished.

Grand Total: 181 creatures vanquished

Notes
Turn   | Place    | Note
-------+----------+-------------------------------------------
     0 | D:1      | Kurtz the Octopode Fighter began the quest for the Orb.
     0 | D:1      | Reached XP level 1. HP: 16/16 MP: 1/1
    67 | D:1      | Reached XP level 2. HP: 18/21 MP: 2/2
   169 | D:2      | Reached skill level 3 in Axes
   175 | D:2      | Reached XP level 3. HP: 9/26 MP: 3/3
   291 | D:3      | Noticed bchevrier's ghost (weakling GnWn)
   291 | D:3      | Found a runed translucent gate.
   291 | D:3      | Found a runed translucent gate.
   291 | D:3      | Found a runed translucent gate.
   356 | D:2      | Found a faded altar of an unknown god.
   396 | D:2      | Prayed at the altar of an unknown god.
   396 | D:2      | Became a worshipper of Warmaster Okawaru
   396 | D:2      | Reached * piety under Okawaru
   522 | D:2      | Reached skill level 4 in Axes
   524 | D:2      | Reached XP level 4. HP: 31/31 MP: 4/4
  1314 | D:3      | Noticed Natasha
  1360 | D:3      | Killed Natasha
  1361 | D:3      | Reached skill level 1 in Invocations
  1478 | D:3      | Found a hazy altar of Hepliaklqana.
  1515 | D:3      | Reached XP level 5. HP: 29/36 MP: 5/5
  1584 | D:3      | Noticed Jessica
  1596 | D:3      | Killed Jessica
  1597 | D:3      | Reached skill level 5 in Axes
  1646 | D:3      | Noticed Natasha
  1665 | D:3      | Killed Natasha
  1772 | D:3      | Found a sacrificial altar of Ru.
  1790 | D:3      | Noticed Natasha
  1821 | D:3      | Killed Natasha
  1911 | D:3      | Reached XP level 6. HP: 39/42 MP: 7/7
  1944 | D:3      | Found a white marble altar of Elyvilon.
  2173 | D:3      | Found a broken altar of Ashenzari.
  2257 | D:3      | Found a basalt altar of Yredelemnul.
  2534 | D:4      | Reached skill level 6 in Axes
  2857 | D:4      | Noticed a black bear
  2939 | D:4      | Killed a black bear
  2939 | D:4      | Reached ** piety under Okawaru
  2940 | D:4      | Reached XP level 7. HP: 31/46 MP: 8/8
  3133 | D:5      | Entered Level 5 of the Dungeon
  3307 | D:5      | Reached skill level 7 in Axes
  3485 | D:5      | Noticed a +0 dagger
  3486 | D:5      | Noticed a +0 short sword
  3498 | D:5      | Noticed a +0 dagger
  3499 | D:5      | Noticed a +0 short sword
  3500 | D:5      | Noticed a +0 falchion
  3501 | D:5      | Noticed a +0 spear
  3503 | D:5      | Noticed a +0 spear
  3503 | D:5      | Noticed a +0 falchion
  3551 | D:5      | Found a hide-covered altar of Uskayaw.
  3969 | D:6      | HP: 2/48 [gnoll sergeant/+0 trident (13)]
  4179 | D:6      | Found an opulent altar of Gozag.
  4190 | D:6      | Noticed Pikel
  4368 | D:5      | Reached XP level 8. HP: 23/54 MP: 10/10
  4703 | D:6      | Found a staircase to the Ecumenical Temple.
  4893 | D:6      | Reached skill level 8 in Axes
  5196 | D:6      | Found an ornate altar of the Wu Jian Council.
  5351 | D:6      | Killed Pikel
  5351 | D:6      | Reached *** piety under Okawaru
  5352 | D:6      | Reached skill level 9 in Axes
  5617 | D:6      | Reached skill level 5 in Shields
  5617 | D:6      | Reached XP level 9. HP: 46/58 MP: 11/11
  6107 | D:7      | Found a snail-covered altar of Cheibriados.
  6385 | D:7      | Reached skill level 10 in Axes
  6756 | D:8      | Noticed Jeremiah
  6798 | D:8      | Killed Jeremiah
  6859 | D:8      | Reached **** piety under Okawaru
  7236 | D:8      | Noticed Grum
  7245 | D:8      | Killed Grum
  7268 | D:8      | Reached XP level 10. HP: 37/65 MP: 12/12
  7535 | D:8      | Noticed Maurice
  7540 | D:8      | Identified the ring of the Secret Blessings {Str+3 Slay+4
                  | SInv Stlth+}
  7779 | D:8      | Reached skill level 5 in Fighting
  7998 | D:8      | Found a staircase to the Lair.
  8312 | D:9      | Reached skill level 11 in Axes
  8390 | D:9      | Reached ***** piety under Okawaru
  8750 | D:9      | Noticed a two-headed ogre
  8758 | D:9      | Killed a two-headed ogre
  8874 | D:9      | Noticed Maggie
  8907 | D:8      | Maurice stole an amulet of the acrobat
  8911 | D:8      | Killed Maurice
  9152 | D:9      | Noticed Psyche
  9156 | D:9      | Killed Psyche
  9157 | D:9      | Reached skill level 12 in Axes
  9257 | D:8      | Received a gift from Okawaru
  9283 | D:9      | Reached XP level 11. HP: 65/72 MP: 13/13
  9451 | D:10     | Entered Level 10 of the Dungeon
  9506 | D:10     | Found a stormy altar of Qazlal.
  9615 | D:10     | Noticed Sonja
  9623 | D:10     | Slain by a centaur warrior simulacrum

Illustrated notes

Levels and vault maps discovered:
D:1:      roderic_chinese_lattice_arrival, layout_basic
D:2:      layout_basic, basic_ecumenical_altar
D:3:      layout_rooms, general_overflow_altar, nicolae_ru_awakened_eye,
          marbit_many_paths, nicolae_hepliaklqana_monster_ancestors,
          mainiacjoe_overflow_six_doors_small, gammafunk_ghost_split,
          uniq_jessica, uniq_natasha
D:4:      layout_gridville, st_stairs_8
D:5:      layout_gridville, nicolae_uskayaw_en_pointe, due_unseen_surprise
D:6:      layout_gridville, grunt_temple_overflow_open,
          minmay_temple_entry_from_below_b, uniq_pikel
D:7:      layout_gridville, slow_altar_1, minmay_misc_feat_tiny
D:8:      layout_loops_ring, lair_entry_dummy, grunt_ministairs_4, uniq_grum,
          uniq_maurice, uniq_jeremiah
D:9:      layout_basic, ebering_ghost_inner_flame, dreamdust_mushroom_princess,
          hangedman_decor_clover_reticule, uniq_psyche, uniq_maggie
D:10:     layout_gridville, nicolae_qazlal_scattered_showers, serial_ice,
          serial_ice_e, serial_ice_k, serial_ice_n, serial_ice_d, serial_shops,
          kennysheep_mini, uniq_josephine, uniq_sonja

Skill      XL: |  1  2  3  4  5  6  7  8  9 10 |
---------------+-------------------------------+-----
Axes           | 3 4 5 6 7 9 10 12 | 12.2
Invocations    | 1 2 |  2.7
Fighting       | 4 6 |  6.1
Shields        | 5 7 9 |  9.6
Dodging        | 4 |  4.8
Stealth        | |  0.6

Action                     |  1- 3 |  4- 6 |  7- 9 | 10-12 || total
---------------------------+-------+-------+-------+-------++-------
  Melee: War axe           |    27 |   106 |    48 |   124 ||   305
         Constrict         |     4 |    26 |    39 |    19 ||    88
         Tentacles         |     3 |    25 |    55 |    34 ||   117
         Whip              |       |       |   141 |    23 ||   164
         Punch             |       |       |     4 |     3 ||     7
  Throw: Dart              |       |     5 |    52 |    19 ||    76
         Javelin           |       |       |       |     3 ||     3
 Invoke: Heroism           |       |       |     2 |     2 ||     4
  Evoke: Wand              |       |       |     1 |     7 ||     8
    Use: Potion            |       |       |     2 |     1 ||     3
   Stab: Sleeping          |     4 |     6 |     4 |       ||    14
         Distracted        |       |       |       |     1 ||     1
 Armour: Skin              |     8 |    54 |    68 |    41 ||   171
  Dodge: Dodged            |    20 |    42 |    68 |    35 ||   165
  Block: Buckler           |     6 |    28 |   122 |    94 ||   250
         Reflection        |       |     1 |     7 |     3 ||    11

Table legend: (Time is in decaauts)
 A = Elapsed time spent in this place.
 B = Non-inter-level travel time spent in this place.
 C = Inter-level travel time spent in this place.
 D = Time resting spent in this place.
 E = Time spent auto-exploring this place.
 F = Levels seen in this place.
 G = Mean time per level.
                   A        B        C        D        E       F      G
               +--------+--------+--------+--------+--------+-----+--------+
         Total |   9650 |   9053 |    597 |   2823 |   4251 |  10 |  965.0 |
       Dungeon |   9650 |   9053 |    597 |   2823 |   4251 |  10 |  965.0 |
               +--------+--------+--------+--------+--------+-----+--------+

Top non-repeatable levels by time:
     D:8: 1655 daAuts
     D:6: 1335 daAuts
     D:5: 1292 daAuts
     D:7: 1034 daAuts
     D:9: 944 daAuts
     D:3: 942 daAuts
     D:4: 846 daAuts
     D:2: 734 daAuts
     D:1: 698 daAuts
    D:10: 167 daAuts
